 Dungeon Crawl Stone Soup version 0.21.1-1-g345015f (webtiles) character file.

235 suicidejoker the Skirmisher (level 5, -3/41 HPs)
             Began as a Demonspawn Fighter on May 10, 2018.
             Slain by an orc warrior
             ... wielding a +0 mace
              (19 damage)
             ... on level 3 of the Dungeon.
             The game lasted 00:05:17 (2288 turns).

suicidejoker the Skirmisher (Demonspawn Fighter)    Turns: 2288, Time: 00:05:18

Health: -3/41      AC:  6    Str: 16    XL:     5   Next: 76%
Magic:  5/5        EV:  7    Int: 10    God:
Gold:   118        SH:  9    Dex: 13    Spells: 4/4 levels left

rFire    + . .     SeeInvis .   a - +0 long sword
rCold    . . .     Gourm    .   c - +0 shield
rNeg     . . .     Faith    .   b - +0 scale mail
rPois    .         Spirit   .   (helmet restricted)
rElec    .         Reflect  .   (no cloak)
rCorr    +         Harm     .   (no gloves)
MR       .....                  (no boots)
Stlth    +.........             (no amulet)
HPRegen  0.13/turn              i - ring of resist corrosion
MPRegen  0.09/turn              (no ring)

@: no status effects
A: antennae 1, fire resistance 1
a: no special abilities


You were on level 3 of the Dungeon.
You were hungry.

You visited 1 branch of the dungeon, and saw 3 of its levels.

You collected 118 gold pieces.

Inventory:

Hand Weapons
 a - a +0 long sword (weapon)
 s - a cursed -3 dagger
Missiles
 h - 35 arrows
 p - 8 tomahawks (quivered)
 q - 36 stones
 t - 5 sling bullets
 u - 8 poisoned needles
Armour
 b - a +0 scale mail (worn)
 c - a +0 shield (worn)
Jewellery
 i - a ring of resist corrosion (left hand)
Scrolls
 e - 2 scrolls of enchant armour {unknown}
 j - 2 scrolls of fog {unknown}
 k - 2 scrolls of teleportation {unknown}
 l - 5 scrolls of identify {unknown}
 m - a scroll of blinking {unknown}
 n - a scroll of random uselessness {unknown}
 o - a scroll of immolation {unknown}
Potions
 d - 4 potions of heal wounds
 g - a potion of cancellation {unknown}
 r - a potion of haste {unknown}
Books
 v - a book of Callings

   Spells                             Type                      Level
   a - Summon Small Mammal            Summoning                    1
   b - Call Imp                       Summoning                    2
   c - Call Canine Familiar           Summoning                    3
   d - Summon Guardian Golem          Hexes/Summoning              3
   e - Summon Lightning Spire         Summoning/Air                4
   f - Summon Ice Beast               Ice/Summoning                4
Comestibles
 f - 5 rations


   Skills:
 + Level 3.6 Fighting
 * Level 3.3 Long Blades
 + Level 3.3 Armour
 + Level 1.5 Dodging
 + Level 1.9 Stealth
 + Level 3.3 Shields


You had 4 spell levels left.
You didn't know any spells.

Dungeon Overview and Level Annotations

Branches:
Dungeon (3/15)

Altars:
Elyvilon
Makhleb
Xom


Innate Abilities, Weirdness & Mutations

You have a pair of small antennae on your head.
Your flesh is heat resistant. (rF+)


Message History

You hit the orc.
The orc is moderately wounded.
The orc barely misses you. The orc closely misses you.
You riposte.
You hit the orc.
The orc is heavily wounded.
Your shield and scale mail prevent you from hitting the orc.
The orc is heavily wounded.
You hit the orc warrior.
The orc warrior is lightly wounded.
The orc warrior hits you with a mace.
You closely miss the orc warrior.
The orc warrior is lightly wounded.
The orc warrior barely misses you.
You hit the orc warrior but do no damage.
The orc warrior is lightly wounded.
The orc warrior hits you with a mace.
You hit the orc warrior.
The orc warrior is lightly wounded.
The orc warrior hits you with a mace!!
You die...

.# #.# #.####..
###.......## .# ..# #.# .
### ##...†#..# ......
#..##### ..## ##...##.#
.#..#. #.....## ..#
#....##.# #....# ##.#
#.#..##.# .
#....###..###.#..##.###
#..#....##.......#.......#
#.....w##...#####.....#..
###.#.oo@..## #..##....
#=.o.###.# #..##.###
#........#### #...#.###
#%.#...##....# #.#.#..##
...####.#####.###.#..#.##
##.# ?# #......#....# #.
.. #####...#...) # #.
##.#.##.## #....##.##


You could see an orc warrior, a worm and 2 orcs.

Vanquished Creatures
  The ghost of MemeProof the Shield-Bearer, an amateur MiFi (D:3)
  Natasha (twice) (D:2)
  3 adders (D:2)
  2 oozes (D:2)
  A dart slug (D:2)
  3 leopard geckos
  5 orcs (D:3)
  5 giant cockroaches
  6 goblins
  6 hobgoblins
  A quokka (D:3)
  6 bats
  6 frilled lizards
  5 kobolds
  5 rats
57 creatures vanquished.

Notes
Turn   | Place    | Note
-------+----------+-------------------------------------------
     0 | D:1      | suicidejoker the Demonspawn Fighter began the quest for the Orb.
     0 | D:1      | Reached XP level 1. HP: 18/18 MP: 1/1
   265 | D:1      | Gained mutation: You have a pair of small antennae on your head. [demonic ancestry]
   265 | D:1      | Reached XP level 2. HP: 23/24 MP: 2/2
   276 | D:1      | You fall through a shaft!
   536 | D:2      | Reached XP level 3. HP: 26/29 MP: 3/3
   581 | D:2      | Found a shimmering altar of Xom.
   581 | D:2      | Found a burning altar of Makhleb.
   760 | D:2      | Reached skill level 1 in Stealth
   990 | D:2      | Found a white marble altar of Elyvilon.
  1232 | D:2      | Noticed Natasha
  1248 | D:2      | Killed Natasha
  1248 | D:2      | Reached skill level 1 in Dodging
  1248 | D:2      | Reached XP level 4. HP: 31/35 MP: 4/4
  1440 | D:2      | Noticed Natasha
  1448 | D:2      | Killed Natasha
  1784 | D:3      | Noticed MemeProof's ghost (amateur MiFi)
  1798 | D:3      | Killed MemeProof's ghost
  1798 | D:3      | Gained mutation: Your flesh is heat resistant. (rF+) [demonic ancestry]
  1798 | D:3      | Reached XP level 5. HP: 10/41 MP: 5/5
  2275 | D:3      | Noticed an orc warrior
  2288 | D:3      | Slain by an orc warrior

Skill      XL: |  1  2  3  4 |
---------------+-------------+-----
Long Blades    | 2 3 |  3.3
Stealth        | 1 |  1.9
Shields        | 3 |  3.3
Armour         | 3 |  3.3
Dodging        | 1 |  1.5
Fighting       | |  3.6

Action                   |  1- 3 |  4- 6 || total
-------------------------+-------+-------++-------
Melee: Long sword        |   128 |    94 ||   222
  Use: Potion            |       |     3 ||     3
  Eat: Chunk             |     1 |       ||     1
       Ration            |       |     1 ||     1
Armor: Scale mail        |    77 |    44 ||   121
Dodge: Dodged            |    40 |    37 ||    77
Block: Shield            |    75 |    46 ||   121
       Rpst.: Long sword |    12 |    16 ||    28
